 Dungeon Crawl Stone Soup version 0.28.0-47-ge53b351184 (webtiles) character file.

Game seed: 1690181898505045293

7172 Peloso the Carver (level 10, -1/91 HPs)
             Began as a Minotaur Fighter on Apr 29, 2022.
             Was an Elder of Okawaru.
             Slain by a seven-headed hydra (12 damage)
             ... on level 10 of the Dungeon.
             The game lasted 00:20:01 (10906 turns).

Peloso the Carver (Minotaur Fighter)               Turns: 10906, Time: 00:20:02

Health: -1/91      AC: 16    Str: 27    XL:     10   Next: 86%
Magic:  0/18       EV:  9    Int:  5    God:    Okawaru [****..]
Gold:   435        SH:  6    Dex: 14    Spells: 9/9 levels left

rFire   . . .      SeeInvis .   b - +5 long sword (freeze)
rCold   . . .      Faith    .   B - +0 buckler
rNeg    . . .      Spirit   +   E - +0 plate armour
rPois   .          Reflect  .   (helmet restricted)
rElec   .          Harm     .   G - +0 cloak
rCorr   .          Rampage  .   (no gloves)
Will    ++...                   (no boots)
Stlth   ..........              u - amulet of Crawling {Spirit Will+ MP+9 Str+3 Dex+3}
HPRegen 0.25/turn               y - ring of willpower
MPRegen 0.16/turn               (no ring)

@: studying Long Blades
A: horns 2, retaliatory headbutt
a: Renounce Religion, Heroism, Finesse


You were on level 10 of the Dungeon.
You worshipped Okawaru.
Okawaru was greatly pleased with you.
You visited 2 branches of the dungeon, and saw 11 of its levels.

You collected 463 gold pieces.
You spent 28 gold pieces at shops.

Inventory:

Hand Weapons
 a - a +4 vorpal falchion
 b - a +5 long sword of freezing (weapon)
 c - a +2 falchion of holy wrath
Missiles
 t - 2 throwing nets (quivered)
Armour
 p - a +0 scale mail
 s - a +0 chain mail
 B - a +0 buckler (worn)
 E - a +0 plate armour (worn)
 G - a +0 cloak (worn)
Jewellery
 u - the amulet of Crawling (around neck) {Spirit Will+ MP+9 Str+3 Dex+3}
   (You found it on level 5 of the Dungeon)

   [amulet of guardian spirit]

   It causes incoming damage to be divided between your reserves of health and
   magic.
   Str:       It affects your strength (+3).
   Dex:       It affects your dexterity (+3).
   MP:        It affects your magic capacity (+9).
   Will:      It increases your willpower.
 y - a ring of willpower (left hand)
Wands
 l - a wand of polymorph (4)
 m - a wand of iceblast (9)
 w - a wand of flame (28)
 C - a wand of paralysis (2)
 D - a wand of digging (5)
Scrolls
 e - 3 scrolls of magic mapping {unknown}
 f - 11 scrolls of identify
 g - 3 scrolls of teleportation {unknown}
 i - a scroll of enchant weapon {unknown}
 k - 3 scrolls of amnesia {unknown}
 n - a scroll of holy word {unknown}
 q - a scroll of brand weapon {unknown}
 r - 5 scrolls of noise {unknown}
 v - 3 scrolls of immolation {unknown}
 x - 3 scrolls of fear {unknown}
 F - a scroll of blinking {unknown}
Potions
 d - 2 potions of degeneration {unknown}
 h - 2 potions of lignification {unknown}
 j - 3 potions of curing
 o - 2 potions of brilliance {unknown}
 z - a potion of ambrosia {unknown}
 A - a potion of attraction {unknown}


   Skills:
 + Level 9.3 Fighting
 + Level 14.5 Long Blades
 + Level 3.8 Axes
 + Level 11.4 Armour
 + Level 4.7 Dodging
 + Level 1.3 Stealth
 + Level 6.7 Shields
 + Level 0.1 Invocations
 + Level 1.9 Evocations


You had 9 spell levels left.
You didn't know any spells.
Your spell library contained the following spells:

 Spells                   Type           Power      Damage    Failure   Level
 Magic Dart               Conj           0%         1d3       99%         1
 Sublimation of Blood     Necr           0%         N/A       100%        2
 Confusing Touch          Hex            0%         N/A       100%        3
 Frozen Ramparts          Ice            0%         1d2       100%        3
 Mephitic Cloud           Conj/Pois/Air  0%         N/A       100%        3
 Anguish                  Hex/Necr       0%         N/A       100%        4
 Ice Form                 Ice/Tmut       0%         N/A       100%        4
 Petrify                  Tmut/Erth      0%         N/A       100%        4
 Irradiate                Conj/Tmut      0%         3d14      100%        5
 Yara's Violent Unravell  Hex/Tmut       0%         3d3       100%        5
 Enfeeble                 Hex            0%         N/A       100%        7
 Call Imp                 Summ           Unusable   N/A       N/A         2
 Tukima's Dance           Hex            Unusable   N/A       N/A         3
 Summon Ice Beast         Ice/Summ       Unusable   N/A       N/A         4

Dungeon Overview and Level Annotations

Branches:
Dungeon (10/15)            Temple (1/1) D:6            Lair (0/6) D:8
    Orc: D:9-12

Altars:
Ashenzari
Elyvilon
Fedhas
Gozag
Hepliaklqana
Kikubaaqudgha
Makhleb
Okawaru
Qazlal
Sif Muna
Vehumet
Wu Jian
Xom
Zin
The Shining One

Shops:
D:4 !   D:5 ?

Portals:
Bailey: D:10


Innate Abilities, Weirdness & Mutations

You have a pair of horns on your head.
You reflexively headbutt those who attack you in melee.


Message History

The iceblast engulfs you! The seven-headed hydra bites you! x2
The seven-headed hydra misses you.
The seven-headed hydra barely misses you.
The seven-headed hydra bites you but does no damage.
The seven-headed hydra closely misses you.
The seven-headed hydra bites you but does no damage.
An orc comes into view. It is wielding a +0 dagger.
Aiming: Iceblast
Press: ? - help, Shift-Dir - straight line, f/p - seven-headed hydra
Aim: a seven-headed hydra (heavily wounded) That beam is likely to hit you.
Continue anyway?
The mass of ice explodes!
The iceblast engulfs the seven-headed hydra!
The seven-headed hydra is severely wounded.
The iceblast engulfs the kobold brigand!
The kobold brigand is heavily wounded.
The iceblast engulfs the kobold!
You kill the kobold!
Okawaru accepts your kill. The iceblast engulfs you!
An orc comes into view. It is wielding a +0 flail.
The seven-headed hydra bites you!
* * * LOW HITPOINT WARNING * * *
The seven-headed hydra bites you but does no damage.
You block the seven-headed hydra's attack.
The seven-headed hydra bites you!
* * * LOW HITPOINT WARNING * * *
The seven-headed hydra bites you but does no damage. x2
The seven-headed hydra bites you!
* * * LOW HITPOINT WARNING * * *
It was a potion of curing.
You feel better. The seven-headed hydra bites you.
* * * LOW HITPOINT WARNING * * *
You block the seven-headed hydra's attack.
The seven-headed hydra bites you!
* * * LOW HITPOINT WARNING * * *
The seven-headed hydra bites you but does no damage.
You block the seven-headed hydra's attack.
The seven-headed hydra bites you but does no damage. x2
You feel better. The seven-headed hydra bites you!
You die... ...)........# .)∩)......$ .).....oo ......o .....
KKo

##D# #.@# .
##'#### ####### .
#.....# #.....# [
#.....######.###.#
#
#.....#........#.#
#
#.....'.######.#.#
# +.....###
#...#.# # #.....#
#.#.#.### #######
#.#......


You could see a seven-headed hydra, an orc warrior, a kobold brigand, 3 orcs and
a kobold.

Vanquished Creatures
  A two-headed ogre (D:7)
  Maurice (D:9)
  Joseph (D:8)
  Psyche (D:8)
  A troll (D:8)
  A wraith (D:9)
  Eustachio (D:4)
  A steam dragon (D:7)
  An acid dragon (D:8)
  A black bear (D:4)
  3 ice beasts
  2 orc warriors
  2 sky beasts
  2 necrophages
  3 wolves (D:8)
  A centaur (D:9)
  5 ogres
  4 kobold brigands
  A bullfrog (D:7)
  Blork the orc (D:5)
  A gnoll sergeant (D:3)
  A scorpion (D:5)
  A water moccasin skeleton (D:5)
  16 wights
  6 killer bees (D:8)
  4 electric eels (D:8)
  3 bullfrog zombies
  A centaur zombie (D:9)
  6 hounds
  6 orc priests
  2 gnoll shamans (D:7)
  2 jellies
  A centaur skeleton (D:6)
  A bullfrog skeleton (D:6)
  Ijyb (D:5)
  13 iguanas
  8 orc wizards
  A howler monkey zombie (D:5)
  21 gnolls
  A howler monkey skeleton (D:6)
  6 adders
  7 river rats (D:5)
  A white imp (D:7)
  2 adder skeletons (D:5)
  4 worms
  A dart slug (D:1)
  20 orcs
  2 endoplasms (D:1)
  4 giant cockroaches
  11 goblins
  7 hobgoblins
  39 kobolds
  11 quokkas
  6 ball pythons
  5 bats
  3 frilled lizards
  21 rats
280 creatures vanquished.

Vanquished Creatures (others)
  2 orcs (D:8)
  44 plants (D:6)
46 creatures vanquished.

Grand Total: 326 creatures vanquished

Notes
Turn   | Place    | Note
-------+----------+-------------------------------------------
     0 | D:1      | Peloso the Minotaur Fighter began the quest for the Orb.
     0 | D:1      | Reached XP level 1. HP: 19/19 MP: 0/0
    89 | D:1      | Reached XP level 2. HP: 8/27 MP: 1/1
   379 | D:1      | Found a faded altar of an unknown god.
   721 | D:1      | Reached XP level 3. HP: 33/33 MP: 2/2
  1479 | D:2      | You fall into a shaft and drop 2 floors!
  1510 | D:4      | Found Nelionis's Distillery.
  1870 | D:3      | Reached XP level 4. HP: 23/41 MP: 3/3
  2042 | D:3      | Reached skill level 3 in Long Blades
  2100 | D:3      | Reached skill level 1 in Stealth
  2624 | D:3      | Reached XP level 5. HP: 43/47 MP: 4/4
  2627 | D:3      | Reached skill level 5 in Armour
  2666 | D:3      | Found the +8 woodcutter's axe {vorpal}
  2680 | D:3      | Reached skill level 5 in Fighting
  2680 | D:3      | Reached skill level 4 in Long Blades
  3388 | D:4      | Reached XP level 6. HP: 47/56 MP: 5/5
  3424 | D:4      | Reached skill level 1 in Dodging
  3643 | D:4      | Reached skill level 5 in Long Blades
  3653 | D:4      | Reached skill level 1 in Axes
  3660 | D:4      | Reached XP level 7. HP: 43/61 MP: 6/6
  4184 | D:4      | Noticed Eustachio
  4190 | D:4      | Killed Eustachio
  4191 | D:4      | Reached skill level 6 in Long Blades
  4343 | D:5      | Entered Level 5 of the Dungeon
  4379 | D:5      | Reached XP level 8. HP: 56/70 MP: 7/7
  4464 | D:5      | Identified the amulet of Crawling {Spirit Will+ MP+9 Str+3
                  | Dex+3}
  4748 | D:5      | Noticed Blork the orc
  4757 | D:5      | Killed Blork the orc
  4872 | D:5      | Found Fubyng's Magic Scroll Shop.
  4884 | D:5      | Bought a scroll of identify for 28 gold pieces
  4894 | D:5      | Reached skill level 7 in Long Blades
  4903 | D:5      | Noticed Ijyb
  4908 | D:5      | Killed Ijyb
  5057 | D:5      | Reached skill level 5 in Shields
  5069 | D:5      | Reached skill level 8 in Long Blades
  5412 | D:6      | Reached skill level 9 in Long Blades
  5702 | D:6      | Reached XP level 9. HP: 79/79 MP: 8/8
  5774 | D:6      | Found a staircase to the Ecumenical Temple.
  5782 | Temple   | Entered the Ecumenical Temple
  5804 | Temple   | Became a worshipper of Warmaster Okawaru
  5823 | D:6      | Found a white marble altar of Elyvilon.
  6603 | D:6      | Reached * piety under Okawaru
  6954 | D:7      | Reached skill level 10 in Long Blades
  7338 | D:7      | Reached skill level 11 in Long Blades
  7990 | D:7      | Noticed a two-headed ogre
  8004 | D:7      | Killed a two-headed ogre
  8004 | D:7      | Reached ** piety under Okawaru
  8005 | D:7      | Reached skill level 12 in Long Blades
  8005 | D:7      | Reached skill level 10 in Armour
  8005 | D:7      | Reached XP level 10. HP: 53/89 MP: 8/9
  8939 | D:8      | Found a glowing golden altar of the Shining One.
  9396 | D:8      | Reached skill level 13 in Long Blades
  9399 | D:8      | Found a staircase to the Lair.
  9426 | D:8      | Reached *** piety under Okawaru
  9807 | D:8      | Noticed Psyche
  9813 | D:8      | Killed Psyche
  9852 | D:8      | Found a stormy altar of Qazlal.
  9852 | D:8      | Noticed Joseph
  9861 | D:8      | Killed Joseph
  9972 | D:8      | Reached skill level 14 in Long Blades
 10358 | D:9      | Reached skill level 1 in Evocations
 10366 | D:9      | Reached **** piety under Okawaru
 10471 | D:9      | Noticed Maurice
 10484 | D:9      | Killed Maurice
 10860 | D:10     | Entered Level 10 of the Dungeon
 10900 | D:10     | Found a flagged portal.
 10900 | D:10     | Noticed a seven-headed hydra
 10905 | D:10     | HP: 4/91 [seven-headed hydra (10)]
 10906 | D:10     | Slain by a seven-headed hydra

Illustrated notes

Levels and vault maps discovered:
D:1:      dpeg_arrival_brainrot, layout_basic,
          hellmonk_ecumenical_altar_pennies_from_heaven
D:2:      layout_loops_cross
D:3:      minmay_wonky_spiral, layout_loops_cross, pf_guarded_unrand_woodcutter
D:4:      layout_basic, serial_shops, shop, nicolae_zen_rock_garden,
          minmay_manual_maat, uniq_eustachio
D:5:      lemuel_ratsnest, layout_rooms, serial_shops,
          nicolae_shop_hallway_plus, uniq_blork_the_orc, uniq_ijyb
D:6:      kennysheep_kobold_camp, layout_basic, mainiacjoe_overflow_paths,
          minmay_temple_entry_metal_lava, lightli_corner_chamber
D:7:      layout_layer_cave, minmay_fractal_squares_gapless_5
D:8:      layout_loops_cross, mainiacjoe_overflow_six_doors_small,
          mainiacjoe_overflow_alcove_4, erik_lair_island, lightli_minifort,
          uniq_joseph, uniq_psyche
D:9:      layout_basic, uniq_maurice
D:10:     layout_roguey, marbit_many_paths, enter_bailey_2, dk_noncrumbling_2
Temple:   compressed_dpeg_circular_temple

Skill      XL: |  1  2  3  4  5  6  7  8  9 10 |
---------------+-------------------------------+-----
Shields        | 4 5 6 |  6.7
Fighting       | 4 5 6 7 8 9 |  9.3
Armour         | 4 5 7 8 10 11 | 11.4
Long Blades    | 3 4 5 6 9 12 14 | 14.5
Stealth        | 1 |  1.3
Dodging        | 2 3 4 |  4.7
Axes           | 1 3 |  3.8
Evocations     | 1 |  1.9
Invocations    | |  0.1

Action                   |  1- 3 |  4- 6 |  7- 9 | 10-12 || total
-------------------------+-------+-------+-------+-------++-------
Melee: Long sword        |    93 |    47 |       |    83 ||   223
       Headbutt          |    14 |    15 |    69 |    34 ||   132
       War axe           |       |    39 |    21 |       ||    60
       Falchion          |       |       |   327 |   102 ||   429
Invok: Heroism           |       |       |     1 |     1 ||     2
Evoke: Wand              |       |       |       |    15 ||    15
  Use: Potion            |       |       |     1 |     2 ||     3
Armor: Scale mail        |    60 |    16 |       |       ||    76
       Chain mail        |       |    10 |    88 |    32 ||   130
       Plate armour      |       |       |       |    32 ||    32
Dodge: Dodged            |    46 |    22 |   112 |    58 ||   238
Block: Buckler           |    21 |    14 |    70 |    48 ||   153
